 Dungeon Crawl Stone Soup version 0.30.0-11-gf55b779eaf (webtiles) character file.

Game seed: 7102017826580801264

324 Hrothgar the Ruffian (level 6, -4/61 HPs)
             Began as a Troll Berserker on May 16, 2023.
             Was a Believer of Trog.
             Killed from afar by a white imp (8 damage)
             ... with a puff of frost
             ... summoned by Eustachio
             ... on level 5 of the Dungeon.
             The game lasted 00:04:17 (1100 turns).

Hrothgar the Ruffian (Troll Berserker)              Turns: 1100, Time: 00:04:18

Health: -4/61      AC:  5    Str: 26    XL:     6   Next: 23%
Magic:  5/5        EV: 10    Int:  5    God:    Trog [**....]
Gold:   84         SH:  0    Dex:  9    Spells: 5/5 levels left

rFire   . .          .
                       - Unarmed
rCold   . . .        (no shield)
rNeg    . . .        a - +1 animal skin
rPois   .            (helmet restricted)
rElec   .            i - scarf {+Inv}
rCorr   .            (gloves unavailable)
SInv    .            (boots unavailable)
Will    .....        (no amulet)
Stlth   +            (no ring)
HPRegen 1.10/turn    (no ring)
MPRegen 0.09/turn

%: no passive effects
@: on berserk cooldown, slowed, very slow
A: large, unfitting armour, claws 3, regeneration 1, shaggy fur 1, tough skin 1
a: Renounce Religion, Evoke Invisibility, Berserk, Trog's Hand


You were on level 5 of the Dungeon.
You worshipped Trog.
Trog was pleased with you.
You visited 1 branch of the dungeon, and saw 5 of its levels.

You collected 84 gold pieces.

Inventory:

Armour
 a - a +1 animal skin (worn)
 i - a scarf of invisibility (worn)
Wands
 j - a wand of mindburst (6)
Scrolls
 e - 3 scrolls of enchant weapon
 g - a scroll of immolation {unknown}
Potions
 f - a potion of might {unknown}
 h - a potion of degeneration {unknown}


   Skills:
 * Level 3.4 Fighting
 * Level 1.1 Armour
 * Level 3.3 Dodging
 * Level 1.0 Stealth
 * Level 5.0 Unarmed Combat


You had 5 spell levels left.
You didn't know any spells.
Your spell library was empty.

Dungeon Overview and Level Annotations

Branches:
Dungeon (5/15)             Temple (0/1) D:5

Altars:
Nemelex Xobeh
Yredelemnul

Annotations:
D:5 Eustachio


Innate Abilities, Weirdness & Mutations

You are too large for most types of armour.
You have claws for hands.
Your natural rate of healing is unusually fast.
You are covered in fur. (AC +1)
You have tough skin. (AC +1)


Message History

The puff of frost misses you.
The puff of frost hits the iron imp.
The iron imp resists.
The quokka bites you.
* * * LOW HITPOINT WARNING * * *
The quokka bites you but does no damage.
The ufetubus closely misses you.
The ufetubus hits you but does no damage.
The iron imp summons a swarm of flies.
The iron imp closely misses you.
Eustachio casts a spell.
It was a potion of curing.
You feel better.
The quokka disappears in a puff of smoke! x2
The bat hits you but does no damage.
The ufetubus hits you but does no damage.
The ufetubus barely misses you. The white imp gestures at you.
The puff of frost hits you.
* * * LOW HITPOINT WARNING * * *
The ufetubus misses you.
The ufetubus hits you but does no damage.
The iron imp barely misses you. The white imp hits you.
* * * LOW HITPOINT WARNING * * *
The white imp freezes you.
* * * LOW HITPOINT WARNING * * *
You feel better. The bat hits you but does no damage.
The ufetubus completely misses you. The ufetubus hits you.
* * * LOW HITPOINT WARNING * * *
The ufetubus closely misses you. The ufetubus hits you.
* * * LOW HITPOINT WARNING * * *
The white imp barely misses you. The iron imp closely misses you.
The river rat bites you.
* * * LOW HITPOINT WARNING * * *
As you read the scroll labelled NARISOWU TIFREX, it crumbles to dust.
It is a scroll of enchant armour.
Your +0 animal skin glows green for a moment.
The bat closely misses you. The bat barely misses you.
The ufetubus hits you but does no damage.
The ufetubus completely misses you. The white imp gestures at you.
The puff of frost hits you!
You die...

.....
#...####))........
.....#
#..#............ .....
#............... #...#
#.#..#..........
#.r..###....#........#
#.r.#...#..........#
#.@...#...........#
##5r5#####........
#..@b.# ......
#..5#...# ...
......###...... ..
###..# #..... #...
..... ..... .#...
..... ##. ...


You could see Eustachio, an iron imp (summoned), 3 river rats, a white imp
(summoned), an ufetubus (summoned) and a bat (summoned).

Vanquished Creatures
  An ogre (D:3)
  A hound (D:4)
  An orc priest (D:4)
  A gnoll bouda (D:5)
  2 adders
  9 gnolls
  A worm (D:2)
  11 orcs (D:4)
  2 bats
  3 endoplasms
  A giant cockroach (D:4)
  2 goblins (D:2)
  A hobgoblin (D:3)
  4 jackals (D:2)
  A ball python (D:3)
  A kobold (D:1)
  A rat (D:3)
43 creatures vanquished.

Notes
Turn   | Place    | Note
-------+----------+-------------------------------------------
     0 | D:1      | Hrothgar the Troll Berserker began the quest for the Orb.
     0 | D:1      | Reached XP level 1. HP: 22/22 MP: 0/0
    71 | D:1      | Reached XP level 2. HP: 29/29 MP: 1/1
   419 | D:2      | Reached XP level 3. HP: 36/36 MP: 2/2
   519 | D:3      | Found a basalt altar of Yredelemnul.
   576 | D:3      | Noticed an ogre
   581 | D:3      | Killed an ogre
   582 | D:3      | Reached skill level 4 in Unarmed Combat
   582 | D:3      | Reached XP level 4. HP: 45/45 MP: 3/3
   699 | D:4      | Reached XP level 5. HP: 47/53 MP: 4/4
   939 | D:5      | Entered Level 5 of the Dungeon
   984 | D:5      | Reached ** piety under Trog
   985 | D:5      | Reached skill level 1 in Armour
   989 | D:5      | Reached skill level 1 in Stealth
  1022 | D:5      | Found a sparkling altar of Nemelex Xobeh.
  1063 | D:5      | Reached XP level 6. HP: 61/61 MP: 5/5
  1072 | D:5      | Found a staircase to the Ecumenical Temple.
  1073 | D:5      | Noticed Eustachio
  1081 | D:5      | Reached skill level 5 in Unarmed Combat
  1098 | D:5      | HP: 3/61 [white imp[Eustachio] (2)]
  1100 | D:5      | Killed from afar by a white imp

Illustrated notes

Levels and vault maps discovered:
D:1:      eino_arrival_cavern_e, layout_loops_cross, chequers_garden,
          minmay_strange_pillars
D:2:      layout_loops_ring, moated_statue
D:3:      layout_basic, yredelemnul_altar_generic, minmay_door_square,
          dk_vineyard_3, serial_park_tiny_pond, kennysheep_donut
D:4:      layout_basic, mainiacjoe_overflow_small_starburst,
          palyth_stone_intersect, uniq_crazy_yiuf_cottage
D:5:      layout_layer_cave, nicolae_overflow_quartered_altars,
          minmay_temple_entry_arrows, minmay_manual_monstrance, uniq_eustachio

Skill      XL: |  1  2  3  4  5  6 |
---------------+-------------------+-----
Fighting       | 3 |  3.4
Dodging        | 3 |  3.3
Unarmed Combat | 4 5 |  5.0
Armour         | 1 |  1.1
Stealth        | 1 |  1.0

Action                     |  1- 3 |  4- 6 || total
---------------------------+-------+-------++-------
  Melee: Unarmed           |    50 |    63 ||   113
         Punch             |     2 |     2 ||     4
 Invoke: Berserk           |     2 |     2 ||     4
    Use: Scroll            |     1 |     2 ||     3
         Potion            |       |     2 ||     2
 Armour: Animal skin       |    10 |    37 ||    47
  Dodge: Dodged            |    22 |    75 ||    97
